 Dungeon Crawl Stone Soup version 0.30.1-5-ged363bc7ee (webtiles) character file.

Game seed: 5553734355227448550

198 Amplified the Vexing (level 5, -2/61 HPs)
             Began as a Demonspawn Hexslinger on Sept 19, 2023.
             Slain by Menkaure (10 damage)
             ... on level 4 of the Dungeon.
             The game lasted 00:03:59 (2130 turns).

Amplified the Vexing (Demonspawn Hexslinger)        Turns: 2130, Time: 00:03:59

Health: -2/61      AC: 22    Str: 12    XL:     5   Next: 47%
Magic:  6/6        EV:  2    Int: 15    God:
Gold:   118        SH:  0    Dex: 13    Spells: 2/6 levels left

rFire   . . .        a - +1 sling
rCold   . . .        (no shield)
rNeg    . . .        d - melded +0 ring mail
rPois   +            (helmet currently unavailable)
rElec   .            (cloak currently unavailable)
rCorr   .            n - melded +0 pair of gloves
SInv    .            (boots currently unavailable)
Will    .....        m - amulet of magic regeneration
Stlth   +            (no ring)
HPRegen 0.30/turn    (no ring)
MPRegen 0.50/turn

%: no passive effects
@: tree-form
A: stationary, stasis, torment immunity, boosted hp, ignite blood 1, (sharp
scales 2)
a: no special abilities


You were on level 4 of the Dungeon.
You were a tree.
You visited 1 branch of the dungeon, and saw 4 of its levels.

You collected 118 gold pieces.

Inventory:

Hand Weapons
 a - a +1 sling (weapon)
Missiles
 j - 34 stones
 k - 2 poisoned darts (quivered)
Armour
 d - a +0 ring mail (melded)
 n - a +0 pair of gloves (melded)
Jewellery
 l - a ring of ice
 m - an amulet of magic regeneration (around neck)
Scrolls
 b - 2 scrolls of poison
 f - a scroll of blinking
 i - a scroll of butterflies {unknown}
 o - 2 scrolls of teleportation
Potions
 c - 2 potions of haste
 g - 4 potions of flight


   Skills:
 * Level 3.2 Fighting
 * Level 3.3 Ranged Weapons
 - Level 1.7 Dodging
 - Level 1.0 Spellcasting
 * Level 4.3 Hexes


You had 2 spell levels left.
You knew the following spells:

 Your Spells              Type           Power      Damage    Failure   Level
a - Slow                  Hex            52%        N/A       4%          1
b - Portal Projectile     Hex/Tloc       14%        N/A       30%         3

Your spell library contained the following spells:

 Spells                   Type           Power      Damage    Failure   Level
 Inner Flame              Hex/Fire       7%         N/A       30%         3
 Cause Fear               Hex            6%         N/A       38%         4


Dungeon Overview and Level Annotations

Branches:
Dungeon (4/15)
 Temple: D:4-7

Altars:

Annotations:
D:4 Menkaure


Innate Abilities, Weirdness & Mutations

You are a tree.
Your roots penetrate the ground, keeping you stationary.
You cannot be teleported.
You are immune to unholy pain and torment.
Your maximum health is greatly increased.
Your equipment is partially melded.
Your demonic aura sometimes causes spilled blood to erupt in flames.
((You are mostly covered in razor-sharp scales. (AC +2, Slay +2)))


Message History

Unknown command.
Unknown command.
You feel much better. Menkaure hits you. Menkaure hits you!
You are too injured to fight recklessly!
You are too injured to fight recklessly!
Throw: 6 darts (poison)
Press: ? - help, Q - select action, (/) - cycle Shift-Dir - straight line, f/p - Menkaure
Aim: Menkaure (severely damaged, fast, 73% to hit)
You throw a poisoned dart. The poisoned dart hits Menkaure.
Menkaure is severely damaged.
Menkaure hits you!
* * * LOW HITPOINT WARNING * * *
Throw: 5 darts (poison)
Press: ? - help, Q - select action, (/) - cycle Shift-Dir - straight line, f/p - Menkaure
Aim: Menkaure (severely damaged, fast, 73% to hit)
You throw a poisoned dart.
The poisoned dart barely misses Menkaure.
Menkaure hits you but does no damage.
Unknown command.
Throw: 4 darts (poison)
Press: ? - help, Q - select action, (/) - cycle Shift-Dir - straight line, f/p - Menkaure
Aim: Menkaure (severely damaged, fast, 73% to hit)
You throw a poisoned dart. The poisoned dart hits Menkaure.
Menkaure is severely damaged.
Menkaure barely misses you.
Unknown command.
Unknown command.
Throw: 3 darts (poison)
Press: ? - help, Q - select action, (/) - cycle Shift-Dir - straight line, f/p - Menkaure
Aim: Menkaure (severely damaged, fast, 73% to hit)
You throw a poisoned dart.
The poisoned dart barely misses Menkaure.
Menkaure hits you!
* * * LOW HITPOINT WARNING * * *
Unknown command.
You feel better. Menkaure hits you!
* * * LOW HITPOINT WARNING * * *
Menkaure's ankle releases a plume of dust as he confides, "I'm not really a mummy, you know."
Menkaure hits you!
You die...

#...#....
#.....#.#####....
#.>..............
#...###.#........
##..###.#........
####.))<#)#........
#....####)#......#
#.......).#......#
#....#.....♣...?.#
#....#.....M.....#
#....#.....#######
#....#.....#
#....#.......
#....#........
#....##.......
#######.......
#.......


You could see Menkaure (fast).

Vanquished Creatures
  An iguana (D:4)
  3 orc wizards (D:4)
  3 adders
  A worm (D:2)
  A dart slug (D:2)
  10 orcs
  5 ball pythons
  4 bats
  6 endoplasms
  3 giant cockroaches
  4 goblins
  4 hobgoblins
  2 kobolds
  3 quokkas
  A frilled lizard (D:3)
  5 rats
56 creatures vanquished.

Notes
Turn   | Place    | Note
-------+----------+-------------------------------------------
     0 | D:1      | Amplified the Demonspawn Hexslinger began the quest for the
                  | Orb.
     0 | D:1      | Reached XP level 1. HP: 15/15 MP: 2/2
   282 | D:1      | Gained mutation: You are partially covered in razor-sharp
                  | scales. (AC +1, Slay +1) [demonic ancestry]
   282 | D:1      | Reached XP level 2. HP: 21/21 MP: 3/3
   737 | D:2      | Gained mutation: Your demonic aura sometimes causes spilled
                  | blood to erupt in flames. [demonic ancestry]
   737 | D:2      | Reached XP level 3. HP: 24/27 MP: 4/4
  1042 | D:2      | Learned a level 3 spell: Portal Projectile
  1594 | D:3      | Reached XP level 4. HP: 34/34 MP: 5/5
  2030 | D:4      | Reached skill level 4 in Hexes
  2059 | D:4      | Gained mutation: You are mostly covered in razor-sharp
                  | scales. (AC +2, Slay +2) [demonic ancestry]
  2059 | D:4      | Reached XP level 5. HP: 33/41 MP: 6/6
  2115 | D:4      | Noticed Menkaure
  2122 | D:4      | HP: 2/41 [Menkaure/nerve-wracking pain (10)]
  2130 | D:4      | Slain by Menkaure

Illustrated notes

Levels and vault maps discovered:
D:1:      amcnicky_arrival_feature_with_door, layout_rooms
D:2:      layout_basic
D:3:      layout_rooms, minivault_14
D:4:      layout_basic, mainiacjoe_overflow_boulevard,
          ebering_ghost_inner_flame, lightli_ossuary_entry_decrepit_ruins,
          serial_shops, nicolae_shop_back_alley_shop, uniq_menkaure,
          uniq_duvessa, uniq_blork_the_orc, uniq_natasha, uniq_eustachio

Skill      XL: |  1  2  3  4 |
---------------+-------------+-----
Ranged Weapons | 2 3 |  3.3
Fighting       | 2 3 |  3.2
Hexes          | 4 |  4.3
Dodging        | |  1.7
Spellcasting   | |  1.0

Action                     |  1- 3 |  4- 6 || total
---------------------------+-------+-------++-------
  Melee: Sling             |       |     2 ||     2
   Fire: Sling             |    96 |    94 ||   190
  Throw: Dart              |       |     9 ||     9
   Cast: Slow              |       |     1 ||     1
    Use: Scroll            |     5 |     4 ||     9
         Potion            |     1 |     8 ||     9
 Armour: Ring mail         |    22 |    39 ||    61
         Skin              |       |     1 ||     1
  Dodge: Dodged            |    16 |    26 ||    42
